 Dungeon Crawl Stone Soup version 0.19-a0-1686-g35356ef (webtiles) character file.

16418 st0uf the Fighter (level 12, -21/100 HPs)
             Began as a Demonspawn Gladiator on Sept 25, 2016.
             Was the Champion of Okawaru.
             Demolished by a large slime creature (29 damage)
             ... on level 12 of the Dungeon.
             The game lasted 00:51:26 (13404 turns).

st0uf the Fighter (Demonspawn Gladiator)           Turns: 13404, Time: 00:51:26

Health: -21/100    AC: 19    Str: 22    XL:     12   Next: 9%
Magic:  0/17       EV: 11    Int: 11    God:    Okawaru [******]
Gold:   359        SH:  0    Dex: 17    Spells: 0 memorised, 11 levels left

rFire  . . .     SeeInvis .     A - +2 battleaxe (elec)
rCold  . . .     Gourm    .     z - +0 plate armour
rNeg   . . .     Faith    +     (shield currently unavailable)
rPois  +         Spirit   +     c - +0 helmet
rElec  .         Dismiss  .     Y - +0 cloak
rCorr  .         Reflect  .     (no gloves)
MR     .....     Harm     .     (no boots)
Stlth  ..........               K - amulet of faith
                                y - ring "Tuntukh" {Str+2 Dex+4 Stlth+}
                                x - ring of poison resistance

@: no status effects
A: hooves 1, molten scales 2, foul stench 1, magic shield, rot immunity
a: Heroism, Finesse, Renounce Religion


You were on level 12 of the Dungeon.
You worshipped Okawaru.
Okawaru was exalted by your worship.
You were not hungry.

You visited 2 branches of the dungeon, and saw 13 of its levels.
You also visited: Ossuary.

You collected 569 gold pieces.
You spent 210 gold pieces at shops.

Inventory:

Hand Weapons
 b - a +3 battleaxe of freezing
 A - a +2 battleaxe of electrocution (weapon)
 H - a +1 mace of protection
Missiles
 d - 3 throwing nets (quivered)
Armour
 c - a +0 helmet (worn)
 z - a +0 plate armour (worn)
 Y - a +0 cloak (worn)
Jewellery
 t - the ring "Zupot" {rCorr rC+}
   (You found it on level 11 of the Dungeon)

   [ring of resist corrosion]

   It protects you from cold.
 x - a ring of poison resistance (left hand)
 y - the ring "Tuntukh" (right hand) {Str+2 Dex+4 Stlth+}
   (You found it on level 6 of the Dungeon)

   [ring of stealth]

   It affects your strength (+2).
   It affects your dexterity (+4).
   It makes you more stealthy.
 K - an amulet of faith (around neck)
 L - an uncursed ring of protection from fire
 R - the ring of Syloasae {+Fly rC+ Int+4 SInv}
   (You found it on level 9 of the Dungeon)

   [ring of flight]

   It affects your intelligence (+4).
   It protects you from cold.
   It lets you see invisible.
   It lets you fly.
Wands
 u - a wand of iceblast (9/15)
 U - a wand of teleportation (3/9)
 V - a wand of heal wounds (4/9)
Scrolls
 a - a scroll of fear
 g - 6 scrolls of amnesia
 j - a scroll of magic mapping
 m - 12 scrolls of identify
 n - a scroll of teleportation
 o - a scroll of enchant armour
 s - a scroll of fog
 v - 4 scrolls of immolation
 C - 10 scrolls of remove curse
 N - 2 scrolls of summoning
Potions
 e - 3 potions of haste
 i - 3 potions of brilliance {unknown}
 l - 8 potions of degeneration
 p - 2 potions of cancellation {unknown}
 q - 3 potions of invisibility {unknown}
 w - 2 potions of heal wounds
 D - 8 potions of curing
 F - a potion of ambrosia {unknown}
 I - 7 potions of mutation {unknown}
 J - a potion of cure mutation {unknown}
 M - 3 potions of flight {unknown}
 W - a potion of beneficial mutation {unknown}
Comestibles
 f - 5 bread rations
 h - 2 royal jellies
 k - 3 beef jerkies
 r - 6 meat rations
 B - a slice of pizza
 E - 26 fruits


   Skills:
 * Level 11.3 Fighting
 * Level 10.6 Axes
 - Level 1.7 Throwing
 + Level 6.9 Armour
 + Level 7.5 Dodging
 + Level 7.1 Invocations


You had 11 spell levels left.
You didn't know any spells.

Dungeon Overview and Level Annotations

Branches:
Dungeon (12/15)            Temple (1/1) D:7            Lair (0/6) D:10
    Orc: D:9-12

Altars:
Dithmenos
Fedhas
Gozag
Hepliaklqana
Kikubaaqudgha
Makhleb
Nemelex Xobeh
Okawaru
Qazlal
Ru
Sif Muna
Trog
Vehumet
Xom
Zin

Shops:
D:6 ?   D:11 [


Innate Abilities, Weirdness & Mutations

You have large cloven feet.
You are mostly covered in molten scales. (AC +3)
You may emit foul miasma when damaged in melee.
When hurt, damage is shared between your health and your magic reserves.
You are immune to rotting.


Message History

The large slime creature is heavily wounded.
The large slime creature hits you!!
* * * LOW HITPOINT WARNING * * *
You slice the large slime creature!!
You kick the large slime creature, but do no damage.
The large slime creature is severely wounded.
The large slime creature closely misses you.
You slash the large slime creature!
You kick the large slime creature, but do no damage.
The large slime creature is severely wounded.
You feel sick. The large slime creature hits you!!
* * * LOW HITPOINT WARNING * * *
You feel sick.
You are no longer poisoned.
An adder comes into view.
The adder hisses angrily.
There is an escape hatch in the floor here.
There is a stone staircase leading up here.
The large slime creature hits you!!
You die...

##########
###########........#
#...#....##.)......#
#####.#.#>##.##........#####
..........J@................
#.##...#S##..#........#####
#..##.##((#........#
#.....##..##########
#.######..##### #. #......#
## #...##.# #......########
...............###


You could see a large slime creature and an adder.

Vanquished Creatures
  A hydra (D:11)
  A centaur warrior (D:11)
  2 unseen horrors (D:10)
  6 hill giants
  Pikel (D:8)
  A cyclops (D:11)
  An ugly thing (D:11)
  Joseph (D:8)
  Maurice (D:11)
  Grinder (D:6)
  2 slime creatures (D:12)
  A vampire (D:11)
  7 yaks
  A wyvern (D:11)
  2 basilisks (D:10)
  A hungry ghost (D:11)
  A water moccasin (D:11)
  3 ice beasts
  A black bear (D:6)
  A wasp (D:12)
  A necrophage (D:11)
  3 orc warriors
  A phantom (D:9)
  2 sky beasts
  3 slaves (D:8)
  6 ogres
  4 centaurs
  3 big kobolds
  9 bullfrogs
  A wyvern skeleton (D:8)
  4 scorpions
  5 wights (D:11)
  16 killer bees
  5 howler monkeys (D:9)
  2 electric eels (D:11)
  2 crimson imps
  5 centaur zombies
  A quasit (D:5)
  A human zombie (Ossuary)
  8 hounds
  A bullfrog zombie (D:6)
  3 jellies
  15 orc wizards
  9 orc priests
  A bullfrog skeleton (D:4)
  3 centaur skeletons
  5 iguanas
  3 worker ants
  A big kobold zombie (Ossuary)
  A hound zombie (D:5)
  7 hound skeletons
  4 mummies (Ossuary)
  A howler monkey zombie (D:9)
  3 gnolls (D:6)
  A howler monkey skeleton (D:11)
  5 adders
  An ooze (D:3)
  An adder skeleton (D:6)
  2 worms
  3 dart slugs
  6 leopard geckos
  47 orcs
  3 ball pythons
  2 giant cockroaches
  13 goblins
  6 hobgoblins
  4 jackals
  2 quokkas
  6 bats
  7 frilled lizards
  A gnoll zombie (Ossuary)
  13 kobolds
  A kobold zombie (Ossuary)
  2 orc zombies (Ossuary)
  A quokka skeleton (D:4)
  A quokka zombie (D:7)
  6 rats
  A plant (D:11)
310 creatures vanquished.

Vanquished Creatures (others)
  A quokka (D:8)
  14 plants (D:11)
15 creatures vanquished.

Grand Total: 325 creatures vanquished

Notes
Turn   | Place    | Note
-------+----------+-------------------------------------------
     0 | D:1      | st0uf the Demonspawn Gladiator began the quest for the Orb.
     0 | D:1      | Reached XP level 1. HP: 16/16 MP: 1/1
   145 | D:1      | Gained mutation: You are immune to rotting. [demonic ancestry]
   145 | D:1      | Reached XP level 2. HP: 15/23 MP: 2/2
   860 | D:2      | Gained mutation: You have large cloven feet. [demonic ancestry]
   860 | D:2      | Reached XP level 3. HP: 28/28 MP: 3/3
   897 | D:2      | Found a sacrificial altar of Ru.
  1133 | D:2      | Reached skill level 3 in Fighting
  1511 | D:2      | Reached skill level 1 in Armour
  1900 | D:3      | Reached XP level 4. HP: 35/35 MP: 4/4
  2059 | D:3      | Noticed a bullfrog
  2076 | D:3      | Killed a bullfrog
  2478 | D:3      | Reached XP level 5. HP: 41/41 MP: 5/5
  3173 | D:4      | Reached skill level 4 in Fighting
  3173 | D:4      | Gained mutation: You are partially covered in molten scales. (AC +2) [demonic ancestry]
  3173 | D:4      | Reached XP level 6. HP: 23/48 MP: 6/6
  3830 | D:4      | Found a burning altar of Makhleb.
  3892 | D:4      | Gained mutation: You may emit foul miasma when damaged in melee. [demonic ancestry]
  3892 | D:4      | Reached XP level 7. HP: 50/55 MP: 7/7
  3909 | D:4      | Reached skill level 5 in Fighting
  4053 | D:4      | Reached skill level 5 in Axes
  4517 | D:5      | Entered Level 5 of the Dungeon
  4999 | D:5      | Reached skill level 6 in Fighting
  5047 | D:6      | Found Hymeuwi's Magic Scroll Shoppe.
  5050 | D:6      | Got a smoking marble ring
  5052 | D:6      | Identified the ring "Tuntukh" {Str+2 Dex+4 Stlth+} (You found it on level 6 of the Dungeon)
  5064 | D:6      | Bought a scroll of identify for 24 gold pieces
  5064 | D:6      | Bought 2 scrolls of identify for 48 gold pieces
  5064 | D:6      | Bought a scroll of identify for 24 gold pieces
  5064 | D:6      | Bought a scroll of identify for 24 gold pieces
  5064 | D:6      | Bought a scroll of remove curse for 36 gold pieces
  5064 | D:6      | Bought a scroll of fear for 42 gold pieces
  5064 | D:6      | Bought a scroll of random uselessness for 12 gold pieces
  5085 | D:6      | Gained mutation: When hurt, damage is shared between your health and your magic reserves. [demonic ancestry]
  5085 | D:6      | Reached XP level 8. HP: 33/64 MP: 8/8
  5921 | D:6      | Noticed Grinder
  5982 | D:7      | Found an iron altar of Okawaru.
  5991 | D:7      | Reached skill level 7 in Fighting
  6004 | D:7      | Became a worshipper of Warmaster Okawaru
  6009 | D:7      | Found a staircase to the Ecumenical Temple.
  6050 | D:7      | Found a sand-covered staircase.
  6189 | Ossuary  | Entered an ossuary
  6605 | D:7      | Reached skill level 5 in Dodging
  6605 | D:7      | Reached XP level 9. HP: 72/72 MP: 7/9
  7006 | D:7      | Found a glowing silver altar of Zin.
  7006 | D:7      | Found an opulent altar of Gozag.
  7099 | D:7      | Found a blossoming altar of Fedhas.
  7167 | Temple   | Entered the Ecumenical Temple
  7246 | D:8      | Noticed Joseph
  7374 | D:8      | Found a deep blue altar of Sif Muna.
  7402 | D:8      | Reached * piety under Okawaru
  7421 | D:8      | Noticed Pikel
  7434 | D:8      | Killed Pikel
  7434 | D:8      | Reached skill level 8 in Fighting
  8205 | D:8      | Killed Joseph
  8470 | D:9      | Reached ** piety under Okawaru
  8493 | D:9      | Got a twitching turquoise ring
  8494 | D:9      | Identified the ring of Syloasae {+Fly rC+ Int+4 SInv} (You found it on level 9 of the Dungeon)
  8521 | D:9      | Reached skill level 5 in Armour
  8549 | D:9      | Reached skill level 9 in Fighting
  8573 | D:9      | Reached XP level 10. HP: 55/83 MP: 5/10
  8815 | D:9      | Found a bloodstained altar of Trog.
  8815 | D:9      | Found a shimmering altar of Xom.
  8815 | D:9      | Found a shadowy altar of Dithmenos.
  8815 | D:9      | Found an ancient bone altar of Kikubaaqudgha.
  8824 | D:9      | Found a radiant altar of Vehumet.
  8829 | D:9      | Found a sparkling altar of Nemelex Xobeh.
  8890 | D:9      | Reached skill level 1 in Invocations
  9272 | D:6      | Paralysed by Grinder for 4 turns
  9283 | D:6      | Killed Grinder
  9519 | D:10     | Entered Level 10 of the Dungeon
  9730 | D:10     | Killed an unseen horror
  9844 | D:10     | Reached *** piety under Okawaru
  9900 | D:10     | HP: 2/83 [something (5)]
  9901 | D:10     | Killed an unseen horror
 10149 | D:10     | Reached **** piety under Okawaru
 10166 | D:10     | Noticed a hill giant
 10182 | D:10     | Found a staircase to the Lair.
 10197 | D:10     | Reached skill level 10 in Fighting
 10770 | D:10     | Killed a hill giant
 10968 | D:11     | Reached XP level 11. HP: 90/90 MP: 14/14
 10986 | D:11     | Noticed a cyan ugly thing
 11012 | D:11     | Killed a cyan ugly thing
 11012 | D:11     | Reached ***** piety under Okawaru
 11290 | D:11     | Noticed a hill giant
 11305 | D:11     | Killed a hill giant
 11305 | D:11     | Reached skill level 5 in Invocations
 11331 | D:11     | Noticed a centaur warrior
 11336 | D:11     | Killed a centaur warrior
 11336 | D:11     | Received a gift from Okawaru
 11439 | D:11     | Noticed a hill giant
 11443 | D:11     | Killed a hill giant
 11594 | D:11     | Noticed a hill giant
 11607 | D:11     | Killed a hill giant
 11642 | D:11     | Noticed a hill giant
 11650 | D:11     | HP: 1/92 [hill giant/giant club (19)]
 11652 | D:11     | Killed a hill giant
 11652 | D:11     | Received a gift from Okawaru
 11652 | D:11     | Reached skill level 10 in Axes
 12190 | D:11     | Noticed a seven-headed hydra
 12209 | D:11     | Killed a seven-headed hydra
 12209 | D:11     | Reached skill level 11 in Fighting
 12496 | D:11     | Got a sparkling granite ring
 12513 | D:11     | Identified the ring "Zupot" {rCorr rC+} (You found it on level 11 of the Dungeon)
 12570 | D:11     | Noticed a hill giant
 12602 | D:11     | Killed a hill giant
 12602 | D:11     | Reached ****** piety under Okawaru
 12723 | D:11     | Received a gift from Okawaru
 12866 | D:11     | Found Cykheam's Armour Emporium.
 12984 | D:11     | Noticed Maurice
 13003 | D:11     | Killed Maurice
 13003 | D:11     | Received a gift from Okawaru
 13012 | D:11     | Gained mutation: You are mostly covered in molten scales. (AC +3) [demonic ancestry]
 13012 | D:11     | Reached XP level 12. HP: 77/100 MP: 13/17
 13378 | D:12     | HP: 3/100 [large slime creature (27)]
 13404 | D:12     | Demolished by a large slime creature

Vault maps used:
D:1:      dpeg_arrival_ternary, st_stairs_6
D:2:      old_standard_altar, first_bread, grunt_decor_clamped,
          grunt_ministairs_7
D:3:      grunt_ministairs_14
D:4:      makhleb_blood_cavern_becter
D:6:      serial_shops, shop, uniq_grinder
D:7:      grunt_temple_overflow_gold_and_silver, kennysheep_mini,
          nicolae_ossuary_entry_plus, okawaru_ov_weapons_minmay
D:8:      lemuel_crystal_altar, blue_anna_alchemist, uniq_pikel, uniq_joseph
D:9:      grunt_temple_overflow_open, basic_altar, minmay_misc_feat_ornament
D:10:     dpeg_lair_monsters, minmay_lizard_king
D:11:     serial_bayou, serial_bayou_pond_c, serial_bayou_pond_e,
          serial_bayou_shore_b, serial_bayou_ford_a, serial_shops,
          nicolae_shop_crystal, uniq_maurice
D:12:     david_orc_4, serial_shops, shop
Temple:   cyrus_temple_forest
Ossuary:  ossuary_crypta

Skill      XL: |  1  2  3  4  5  6  7  8  9 10 11 12 |
---------------+-------------------------------------+-----
Axes           | 3 4 5 6 8 9 10 | 10.6
Fighting       | 3 4 6 7 9 10 11 | 11.3
Armour         | 1 2 3 4 5 6 |  6.9
Dodging        | 3 4 5 6 7 |  7.5
Invocations    | 4 6 7 |  7.1
Throwing       | |  1.7

Action                   |  1- 3 |  4- 6 |  7- 9 | 10-12 || total
-------------------------+-------+-------+-------+-------++-------
Melee: War axe           |   115 |   173 |   415 |   215 ||   918
       Kick              |    15 |    41 |   115 |   201 ||   372
       Punch             |       |       |     1 |     2 ||     3
       Battleaxe         |       |       |       |   250 ||   250
       Mace              |       |       |       |    15 ||    15
Throw: Throwing net      |       |       |       |     3 ||     3
Invok: Heroism           |       |       |     3 |     6 ||     9
Evoke: Wand              |       |       |       |     2 ||     2
  Use: Scroll            |       |       |     6 |    13 ||    19
       Potion            |       |       |       |     1 ||     1
 Stab: Distracted        |       |       |     2 |       ||     2
  Eat: Chunk             |     3 |     7 |    15 |    21 ||    46
       Fruit             |       |       |       |     1 ||     1
Armor: Leather armour    |    21 |       |       |       ||    21
       Ring mail         |    40 |       |       |       ||    40
       Chain mail        |       |   138 |   197 |    37 ||   372
       Plate armour      |       |       |       |   308 ||   308
Dodge: Dodged            |    79 |    77 |   178 |   211 ||   545
